[Event "Titled Tuesday Blitz June 28 Late 2022"]
[White "Vovk, Orest"]
[Black "Dardha, Daniel"]
[WhiteFideId "14113490"]
[BlackFideId "240990"]
[WhiteElo "2203"]
[BlackElo "2482"]
[Result "0-1"]
[Round "01"]
[TimeControl "180+1"]
[Date "2022.06.28"]
[WhiteClock "0:00:02"]
[BlackClock "0:00:42"]

1. h4 e5 2. h5 d5 3. h6 Nxh6 4. d4 e4 5. Bxh6 gxh6 6. e3 Nd7 7. c4 c6 8. Qb3 Nf6 9. Nc3 Bg7 10. cxd5 cxd5 11. Bb5+ Bd7 12. Bxd7+ Qxd7 13. Nge2 Rd8 14. Nf4 O-O 15. g3 a6 16. a4 Qf5 17. Kf1 h5 18. Kg2 Bh6 19. Rh4 Bg5 20. Rh3 h4 21. Rah1 Kh8 22. Rxh4 Bxh4 23. Rxh4 Rg8 24. Qxb7 Rb8 25. Qxf7 Rxb2 26. Ncxd5 Rxf2+ 27. Kh1 Rf1+ 28. Kg2 Nxd5 29. Qxf5 Nxe3+ 30. Kh2 Nxf5 31. Rh5 Rf2+ 32. Kh3 Rxg3# 0-1


[Site "https://www.chess.com"]

[Event "Titled Tuesday Blitz June 28 Late 2022"]
[White "Wang, Isaac"]
[Black "Pinheiro, Iung Alicio de O."]
[WhiteFideId "30977185"]
[BlackFideId "2104350"]
[WhiteElo "2297"]
[BlackElo "2283"]
[Result "0-1"]
[Round "01"]
[TimeControl "180+1"]
[Date "2022.06.29"]
[WhiteClock "0:00:07"]
[BlackClock "0:00:09"]

1. d4 d5 2. c4 c6 3. Nc3 Nf6 4. e3 g6 5. Nf3 Bg7 6. Be2 O-O 7. O-O Bg4 8. b3 Bxf3 9. Bxf3 e6 10. Bb2 Nbd7 11. Qc2 Re8 12. Rad1 a5 13. e4 dxe4 14. Nxe4 Nxe4 15. Bxe4 f5 16. Bf3 Qc7 17. Rfe1 Rad8 18. Re2 e5 19. dxe5 Nxe5 20. Bxe5 Rxd1+ 21. Qxd1 Bxe5 22. g3 Rd8 23. Qe1 Re8 24. Kg2 Re7 25. Qd2 Kg7 26. Qe3 h5 27. Qg5 Bf6 28. Rxe7+ Qxe7 29. Qd2 Qc7 30. Qd3 Qe7 31. Qd2 Qc7 32. Qd3 c5 33. Qd5 b6 34. Qe6 Bd4 35. Bd5 Kh6 36. Qe2 Qg7 37. Qd2+ Kh7 38. Qe2 Qc7 39. Qe6 Kh6 40. Qe2 Qd6 41. Qd2+ Kg7 42. Qe2 Bf6 43. Qe6 Qd8 44. Qe2 h4 45. Qe6 Bd4 46. Qf7+ Kh6 47. Qe6 Qg5 48. f4 Qd8 49. Qg8 Qe7 50. Qe6 Qg7 51. Qxb6 Be3 52. Qe6 Qb2+ 53. Kh3 Qf2 54. Qe8 Bd4 55. Qf8+ Bg7 56. Qe8 Qf1+ 57. Kxh4 Qf2 58. h3 Bf6# 0-1


[Site "https://www.chess.com"]

[Event "Titled Tuesday Blitz June 28 Late 2022"]
[White "Xu, Yi"]
[Black "Mendez Fortes, Eduardo Jesus"]
[WhiteFideId "8605564"]
[BlackFideId "3502376"]
[WhiteElo "2471"]
[BlackElo "2321"]
[Result "1-0"]
[Round "01"]
[TimeControl "180+1"]
[Date "2022.06.28"]
[WhiteClock "0:00:08"]
[BlackClock "0:00:08"]

1. e4 e5 2. Nf3 Nc6 3. Bc4 Nf6 4. d3 Bc5 5. O-O d6 6. c3 O-O 7. h3 Bb6 8. Nbd2 Ne7 9. Re1 Ng6 10. d4 exd4 11. cxd4 d5 12. exd5 Nxd5 13. Ne4 c6 14. Bg5 f6 15. Be3 Be6 16. Nc5 Bxc5 17. dxc5 Bf7 18. Bd2 Qc7 19. Qb3 Rad8 20. Qa4 b5 21. cxb6 axb6 22. Qc2 c5 23. Rad1 Rfe8 24. a3 Ndf4 25. Rxe8+ Rxe8 26. Bxf4 Nxf4 27. Bxf7+ Qxf7 28. Rd6 Re6 29. Rd8+ Re8 30. Rxe8+ Qxe8 31. Qc4+ Ne6 32. Qd5 Qe7 33. Qc6 Nf4 34. Qxb6 g5 35. a4 Kf7 36. a5 Qe2 37. Qb7+ Kg6 38. a6 Nd3 39. a7 Qxf2+ 40. Kh2 Nf4 41. Ne5+ fxe5 42. a8=Q Ne2 43. Qe4+ Kh6 44. Qa6+ Kg7 45. Qeb7+ Kg8 46. Qaa8+ 1-0


[Site "https://www.chess.com"]

[Event "Titled Tuesday Blitz June 28 Late 2022"]
[White "Yedidia, Daniel"]
[Black "Rosenberg, Evan S"]
[WhiteFideId "30905907"]
[BlackFideId "2019299"]
[WhiteElo "2578"]
[BlackElo "2198"]
[Result "1-0"]
[Round "01"]
[TimeControl "180+1"]
[Date "2022.06.29"]
[WhiteClock "0:00:23"]
[BlackClock "0:00:13"]

1. d4 Nf6 2. c4 e6 3. Nc3 Bb4 4. e3 O-O 5. Bd3 d5 6. Nf3 b6 7. O-O Ba6 8. Ne5 c5 9. a3 cxd4 10. axb4 dxc3 11. bxc3 dxc4 12. Bxc4 Bxc4 13. Qxd8 Rxd8 14. Nxc4 Nbd7 15. Bb2 b5 16. Nd6 a6 17. f3 Ne5 18. Rfd1 Nd5 19. Nb7 Rdc8 20. e4 Nxc3 21. Bxc3 Rxc3 22. Rxa6 Rcc8 23. Rb6 Rab8 24. Rxb5 Nc4 25. Rd7 h6 26. Rc5 Nb6 27. Rxc8+ Rxc8 28. Rd8+ Rxd8 29. Nxd8 Kf8 30. Kf2 Ke7 31. Nc6+ Kd6 32. Nd4 g6 33. Ke3 e5 34. Nb5+ Kc6 35. Nc3 Nc4+ 36. Kd3 Nb2+ 37. Kc2 Nc4 38. Kb3 Ne3 39. g3 Nf1 40. Kc4 Nxh2 41. b5+ Kb6 42. Kd5 Nxf3 43. Kd6 f6 44. Ke6 Ng5+ 45. Kxf6 Nf3 46. Kxg6 Nd4 47. Kxh6 Nb3 48. g4 Kc5 49. g5 Nd4 50. g6 Ne6 51. g7 Nxg7 52. Kxg7 Kd4 53. b6 Kxc3 54. b7 Kd4 55. b8=Q Kxe4 56. Kf6 Kd5 57. Qxe5+ Kc6 58. Qd4 Kc7 59. Qd5 Kc8 60. Qf7 Kd8 61. Qb7 Ke8 62. Qe7# 1-0


[Site "https://www.chess.com"]

[Event "Titled Tuesday Blitz June 28 Late 2022"]
[White "Yuan, Qingyu"]
[Black "Hoffmann, Asa"]
[WhiteFideId "8609772"]
[BlackFideId "2001470"]
[WhiteElo "2740"]
[BlackElo "2406"]
[Result "1-0"]
[Round "01"]
[TimeControl "180+1"]
[Date "2022.06.29"]
[WhiteClock "0:00:09"]
[BlackClock "0:00:01"]

1. e4 d6 2. d4 Nf6 3. Nc3 c6 4. a4 Qa5 5. Bd2 e5 6. Nf3 Bg4 7. dxe5 dxe5 8. h3 Bh5 9. g4 Bg6 10. Nd5 Qd8 11. Nxf6+ gxf6 12. Qe2 Nd7 13. Nh4 Bc5 14. Bg2 Qe7 15. a5 a6 16. c3 O-O-O 17. b4 Ba7 18. Be3 Bxe3 19. Qxe3 Kb8 20. O-O Nf8 21. Rad1 Ne6 22. Bf3 Nf4 23. Kh2 Rxd1 24. Rxd1 Rd8 25. Ng2 Rxd1 26. Bxd1 Qd6 27. Be2 Ne6 28. h4 h5 29. gxh5 Bh7 30. Bf3 Qf8 31. Bg4 Qg7 32. f3 Nc7 33. Qc5 Nb5 34. Ne3 Qg8 35. Qe7 Ka7 36. Nc4 Nxc3 37. Nd6 Qb8 38. Nc8+ Ka8 39. Nb6+ Ka7 40. Qxf7 Bg8 41. Qxf6 Nb5 42. h6 Nd4 43. Qe7 1-0


[Site "https://www.chess.com"]

[Event "Titled Tuesday Blitz June 28 Late 2022"]
[White "Zhu, Jiner"]
[Black "Xie, Bryan"]
[WhiteFideId "8608059"]
[BlackFideId "30941296"]
[WhiteElo "2281"]
[BlackElo "1899"]
[Result "1-0"]
[Round "01"]
[TimeControl "180+1"]
[Date "2022.06.29"]
[WhiteClock "0:00:08"]
[BlackClock "0:00:04"]

1. e4 c5 2. Nf3 e6 3. d4 cxd4 4. Nxd4 Nc6 5. Nc3 Qc7 6. g4 a6 7. Be3 b5 8. Nxc6 Qxc6 9. Qd2 b4 10. Ne2 Qxe4 11. Rg1 Qc6 12. O-O-O Bb7 13. Nf4 Nf6 14. Bg2 d5 15. Nh5 Nxg4 16. Bd4 O-O-O 17. h3 Nh6 18. Nxg7 e5 19. Bxe5 f6 20. Bf4 Bxg7 21. Bxh6 Bxh6 22. Qxh6 Kb8 23. Qf4+ Ka8 24. Qxb4 Rhg8 25. Bf3 Rxg1 26. Rxg1 Qe6 27. Bg4 Qe5 28. Rd1 d4 29. Kb1 Rb8 30. Qxd4 Qg5 31. a3 Qa5 32. Ka1 Bc6 33. Be6 Qc7 34. Bd5 Qd6 35. Bxc6+ Qxc6 36. Qd5 Qxd5 37. Rxd5 Rg8 38. Rf5 Rg1+ 39. Ka2 Rh1 40. Rh5 Rf1 41. Rxh7 Rxf2 42. c4 Rh2 43. Rf7 Rxh3 44. Rxf6 Kb7 45. c5 Rg3 46. Rb6+ Ka7 47. Rb3 Rg5 48. Rc3 Kb7 49. b4 Kc7 50. Kb3 Kc6 51. Re3 Rg1 52. Re6+ Kb7 53. Re7+ Kc6 54. Ra7 Rg3+ 55. Ka4 Kd5 56. Rxa6 Rc3 57. Rd6+ Ke5 58. Rd1 Ke6 59. Kb5 Rxa3 60. c6 Rc3 61. Kb6 Ke7 62. b5 1-0


[Site "https://www.chess.com"]

[Event "Titled Tuesday Blitz June 28 Late 2022"]
[White "Abdi, Farzad"]
[Black "Al-Tarboush, Ward"]
[WhiteFideId "2076829"]
[BlackFideId "7601450"]
[WhiteElo "2332"]
[BlackElo "2249"]
[Result "0-1"]
[Round "02"]
[TimeControl "180+1"]
[Date "2022.06.29"]
[WhiteClock "0:02:15"]
[BlackClock "0:02:26"]

1. e4 e6 2. d4 d5 3. Nc3 Nf6 4. Bg5 dxe4 5. Nxe4 Be7 6. Bxf6 gxf6 7. Nf3 f5 8. Ng3 c5 9. dxc5 Qxd1+ 10. Rxd1 Bxc5 11. Bb5+ Bd7 12. Bxd7+ Nxd7 13. O-O O-O-O 14. Rd3 Be7 15. Rfd1 Nc5 16. Rxd8+ Rxd8 17. Rxd8+ Kxd8 18. Ne5 f6 19. Nd3 Ne4 20. Nxe4 fxe4 21. Nf4 Kd7 22. Kf1 Bd6 23. Nh5 Be5 24. b3 Kd6 25. Ke2 Kc5 26. g3 f5 27. Kd2 Kb4 28. a4 a6 29. Kd1 Kc3 30. Ng7 Bxg7 0-1


[Site "https://www.chess.com"]

[Event "Titled Tuesday Blitz June 28 Late 2022"]
[White "Abdrlauf, Elham"]
[Black "Vlassov, Nikolai"]
[WhiteFideId "1533533"]
[BlackFideId "4103360"]
[WhiteElo "2403"]
[BlackElo "2407"]
[Result "1-0"]
[Round "02"]
[TimeControl "180+1"]
[Date "2022.06.28"]
[WhiteClock "0:00:34"]
[BlackClock "0:00:47"]

1. e4 Nc6 2. d4 d5 3. e5 h5 4. Nf3 Bg4 5. Be2 Qd7 6. O-O O-O-O 7. Nbd2 f6 8. Re1 fxe5 9. Nxe5 Nxe5 10. dxe5 Bxe2 11. Qxe2 e6 12. Nf3 Bc5 13. Be3 Bxe3 14. Qxe3 Kb8 15. b4 Ne7 16. Nd4 Rdf8 17. Qd3 Nf5 18. Nb3 b6 19. a4 g5 20. a5 g4 21. axb6 cxb6 22. c4 Rd8 23. c5 d4 24. cxb6 axb6 25. Ra6 Kb7 26. Nc5+ bxc5 27. bxc5 Rc8 28. Qb3+ 1-0


[Site "https://www.chess.com"]

[Event "Titled Tuesday Blitz June 28 Late 2022"]
[White "Acosta, Pablo Ismael"]
[Black "Golubev, Mikhail"]
[WhiteFideId "124311"]
[BlackFideId "14100983"]
[WhiteElo "2313"]
[BlackElo "2374"]
[Result "1-0"]
[Round "02"]
[TimeControl "180+1"]
[Date "2022.06.28"]
[WhiteClock "0:01:24"]
[BlackClock "0:00:03"]

1. d4 Nf6 2. c4 g6 3. Nf3 Bg7 4. g3 O-O 5. Bg2 d6 6. O-O Nbd7 7. Nc3 e5 8. e4 Re8 9. Re1 exd4 10. Nxd4 c6 11. h3 Qb6 12. Nb3 Ne5 13. Be3 Qb4 14. Bf1 Nxc4 15. Bd4 Nxb2 16. Qf3 Nh5 17. Bxg7 Nxg7 18. e5 d5 19. Rab1 Nc4 20. Nd4 Qc5 21. Nb3 Qe7 22. Bxc4 dxc4 23. Nd2 Bf5 24. Rbc1 Rad8 25. Nxc4 Rd3 26. Qe2 Red8 27. Nd6 R3xd6 28. exd6 Qxd6 29. Ne4 Bxe4 30. Qxe4 Ne6 31. Rb1 Qc7 32. h4 Rd5 33. Qg4 h5 34. Qf3 Rf5 35. Qd3 b6 36. Rbc1 c5 37. Qe4 Nd4 38. Qxd4 cxd4 39. Rxc7 Ra5 40. Ree7 1-0


[Site "https://www.chess.com"]

[Event "Titled Tuesday Blitz June 28 Late 2022"]
[White "Adewumi, Tanitoluwa"]
[Black "Donatti, Alvaro"]
[WhiteFideId "30966396"]
[BlackFideId "3000303"]
[WhiteElo "2661"]
[BlackElo "2138"]
[Result "1-0"]
[Round "02"]
[TimeControl "180+1"]
[Date "2022.06.29"]
[WhiteClock "0:00:52"]
[BlackClock "0:01:24"]

1. e4 c5 2. Nf3 e6 3. d4 cxd4 4. Nxd4 a6 5. Nc3 Qc7 6. Be3 Nc6 7. Qf3 Nf6 8. O-O-O Be7 9. g3 O-O 10. Bg2 Ne5 11. Qe2 Nc4 12. Bf4 e5 13. Nf5 Bb4 14. Bd2 Nxd2 15. Qxd2 d5 16. a3 Bxc3 17. Qxc3 Qxc3 18. bxc3 dxe4 19. Nd6 Bg4 20. Rd2 Bf3 21. Bxf3 exf3 22. Re1 Nd5 23. Rxd5 1-0


[Site "https://www.chess.com"]

[Event "Titled Tuesday Blitz June 28 Late 2022"]
[White "Adla, Diego"]
[Black "Jobava, Baadur"]
[WhiteFideId "100072"]
[BlackFideId "13601520"]
[WhiteElo "2377"]
[BlackElo "2617"]
[Result "0-1"]
[Round "02"]
[TimeControl "180+1"]
[Date "2022.06.28"]
[WhiteClock "0:00:01"]
[BlackClock "0:02:05"]

1. e4 e6 2. d4 d5 3. exd5 exd5 4. Nf3 Bg4 5. h3 Bxf3 6. Qxf3 c6 7. Bd3 Bd6 8. O-O Qf6 9. Re1+ Kf8 10. Qg4 Qd8 11. Bg5 Qc7 12. c4 dxc4 13. Bxc4 Nd7 14. Nc3 Ngf6 15. Qf5 h6 16. Bxf6 Nxf6 17. d5 Rd8 18. Rad1 Qa5 19. Qf3 b5 20. Bb3 c5 21. a3 a6 22. Bc2 Qc7 23. Re2 Bh2+ 24. Kf1 Qf4 25. Qd3 c4 26. Qd4 Qxd4 27. Rxd4 Bb8 28. Rd1 h5 29. h4 Rh6 30. g3 Ng4 31. Kg2 Be5 32. Bf5 Bxc3 33. bxc3 Rhd6 34. Bxg4 hxg4 35. Re5 f6 36. Rf5 Kf7 37. h5 g6 38. hxg6+ Kxg6 39. Rf4 f5 40. Rfd4 Re8 41. R1d2 Kf6 42. f3 Re3 43. fxg4 fxg4 44. Rf2+ Ke5 45. Rxg4 Rxc3 46. Rg5+ Kd4 47. Rf4+ Kc5 48. Rf3 Rxf3 49. Kxf3 Rxd5 50. Rg6 c3 0-1


[Site "https://www.chess.com"]

[Event "Titled Tuesday Blitz June 28 Late 2022"]
[White "Ahn, Hongjin"]
[Black "Svicevic, Rastko"]
[WhiteFideId "13201492"]
[BlackFideId "916315"]
[WhiteElo "1873"]
[BlackElo "2049"]
[Result "1-0"]
[Round "02"]
[TimeControl "180+1"]
[Date "2022.06.29"]
[WhiteClock "0:01:33"]
[BlackClock "0:01:09"]

1. e4 c6 2. Nc3 d5 3. d3 g6 4. Nf3 Bg7 5. g3 Nf6 6. Qe2 O-O 7. Bg2 d4 8. Nd1 c5 9. O-O Nc6 10. Nh4 e5 11. f4 Ne8 12. f5 g5 13. Nf3 f6 14. h4 h6 15. Bh3 Bd7 16. Bg4 b5 17. Bh5 c4 18. Bg6 Nd6 19. Nh2 Ne7 20. hxg5 hxg5 21. Qh5 Nxg6 22. fxg6 Re8 23. Bxg5 Re6 24. Ng4 Ne8 25. Qh7+ Kf8 26. Bh6 Ke7 27. Bxg7 Kd6 28. Bf8+ Kc6 29. g7 1-0


[Site "https://www.chess.com"]

[Event "Titled Tuesday Blitz June 28 Late 2022"]
[White "Ambartsumova, Karina"]
[Black "Xu, Yi"]
[WhiteFideId "4166299"]
[BlackFideId "8605564"]
[WhiteElo "2262"]
[BlackElo "2471"]
[Result "0-1"]
[Round "02"]
[TimeControl "180+1"]
[Date "2022.06.28"]
[WhiteClock "0:00:14"]
[BlackClock "0:00:27"]

1. Nf3 d5 2. d4 Nf6 3. c4 e6 4. Nc3 c6 5. Bg5 h6 6. Bxf6 Qxf6 7. e3 g6 8. Be2 Bg7 9. O-O O-O 10. Qc2 Qe7 11. Rad1 Nd7 12. Rfe1 dxc4 13. Bxc4 b6 14. h3 Bb7 15. Qe2 b5 16. Bb3 a6 17. a3 c5 18. dxc5 Nxc5 19. Ba2 Rfd8 20. Nd4 Rac8 21. Qg4 h5 22. Qg3 Ne4 23. Nxe4 Bxe4 24. Rc1 Bf6 25. Rxc8 Rxc8 26. f3 Bh4 27. Qe5 Bxe1 28. Nxe6 Qxe6 29. Bxe6 Rc1 30. Kh2 h4 31. Bxf7+ Kxf7 32. Qf4+ Bf5 0-1


[Site "https://www.chess.com"]

[Event "Titled Tuesday Blitz June 28 Late 2022"]
[White "Andreikin, Dmitry"]
[Black "Perske, Thore"]
[WhiteFideId "4158814"]
[BlackFideId "12902195"]
[WhiteElo "2736"]
[BlackElo "2315"]
[Result "1-0"]
[Round "02"]
[TimeControl "180+1"]
[Date "2022.06.29"]
[WhiteClock "0:02:09"]
[BlackClock "0:00:29"]

1. d4 Nf6 2. c4 g6 3. Nc3 Bg7 4. e4 d6 5. h3 O-O 6. Be3 Na6 7. Nf3 e5 8. d5 Nh5 9. Nd2 c5 10. g3 Nc7 11. Be2 Nf6 12. g4 Bd7 13. h4 a6 14. g5 Nfe8 15. a4 f5 16. f3 f4 17. Bf2 a5 18. Nb5 h5 19. gxh6 Bxh6 20. Bf1 Kh7 21. Bh3 Bxh3 22. Rxh3 Qd7 23. Rh2 Nf6 24. Qb3 Na6 25. O-O-O Nb4 26. Rg1 Rg8 27. Kb1 Rg7 28. Qd1 Rag8 29. Qf1 Rf7 30. Qg2 Nh5 31. Qg4 Nf6 32. Qe6 Rd8 33. Nxd6 Rff8 34. Bxc5 1-0


[Site "https://www.chess.com"]

[Event "Titled Tuesday Blitz June 28 Late 2022"]
[White "Araujo Sanchez, Josue"]
[Black "Tomaszewski, Kacper"]
[WhiteFideId "6416896"]
[BlackFideId "1127373"]
[WhiteElo "2719"]
[BlackElo "2439"]
[Result "1-0"]
[Round "02"]
[TimeControl "180+1"]
[Date "2022.06.29"]
[WhiteClock "0:02:36"]
[BlackClock "0:01:39"]

1. Nf3 d6 2. b3 Nf6 3. Bb2 e6 4. e3 Nbd7 5. c4 Be7 6. Nc3 c6 7. Be2 Qc7 8. O-O b6 9. d4 Bb7 10. Rc1 O-O 11. d5 exd5 12. cxd5 c5 13. e4 a6 14. a4 Ng4 15. Nd2 Nge5 16. f4 Ng6 17. Nc4 Rfe8 18. e5 Bf8 19. Bg4 dxe5 20. Bxd7 Qxd7 21. Nxb6 Qd8 22. Nxa8 Qxa8 23. fxe5 Nxe5 24. Qh5 c4 25. Rce1 g6 26. Qh4 Bc5+ 27. Kh1 Nd3 28. Rxe8+ Qxe8 29. Ne4 Qe7 30. Nf6+ Kf8 31. Qh6# 1-0


[Site "https://www.chess.com"]

[Event "Titled Tuesday Blitz June 28 Late 2022"]
[White "Aydin, Gulenay"]
[Black "Antonova, Nadezhda"]
[WhiteFideId "34557431"]
[BlackFideId "14700182"]
[WhiteElo "1454"]
[BlackElo "1746"]
[Result "0-1"]
[Round "02"]
[TimeControl "180+1"]
[Date "2022.06.29"]
[WhiteClock "0:00:13"]
[BlackClock "0:00:07"]

1. e4 c5 2. Nf3 d6 3. d4 cxd4 4. Nxd4 Nf6 5. Nc3 a6 6. f3 e5 7. Nb3 Be6 8. Be3 Be7 9. Qd2 h5 10. O-O-O Nbd7 11. h3 Rc8 12. Rg1 h4 13. Kb1 b5 14. g4 hxg3 15. Rxg3 g6 16. Bd3 Nh5 17. Rgg1 Nhf6 18. f4 exf4 19. Bxf4 Rxh3 20. Rh1 Nh5 21. Be3 Rxh1 22. Rxh1 Ne5 23. Nd5 Bxd5 24. exd5 Nc4 25. Bxc4 bxc4 26. Nd4 c3 27. bxc3 Qb6+ 28. Ka1 Rb8 29. Nb3 Qb5 30. Re1 Kd7 31. Bg5 Bf8 32. Qg2 Qc4 33. Qf3 f5 34. Bc1 Bg7 35. Bb2 Re8 36. Rxe8 Kxe8 37. Nd4 Kf7 38. a3 Nf6 39. Ne6 Qxd5 40. Ng5+ Kg8 41. Qe3 Qd1+ 42. Ka2 Qd5+ 43. Ka1 Ne4 44. Nxe4 Qxe4 45. Qb6 d5 46. Qd8+ Kh7 47. Qh4+ Bh6 48. Qd8 f4 49. Qd7+ Bg7 50. Qh3+ Kg8 51. Qc8+ Kh7 52. Qh3+ Kg8 53. Qc8+ Kf7 54. Qd7+ Qe7 55. Qxd5+ Kf8 56. Qa8+ Kf7 57. Qf3 g5 58. Qh5+ Kg8 59. Qg4 Qf6 60. Qc8+ Kh7 61. Qh3+ Kg6 62. Qd3+ Qf5 63. Qd6+ Bf6 64. c4 f3 65. Bxf6 Qxf6+ 66. Qxf6+ Kxf6 67. c5 Ke5 68. c6 Kd6 69. c7 Kxc7 0-1


[Site "https://www.chess.com"]

[Event "Titled Tuesday Blitz June 28 Late 2022"]
[White "Balint, Vilmos"]
[Black "Averjanov, Alexey"]
[WhiteFideId "718050"]
[BlackFideId "14109867"]
[WhiteElo "2059"]
[BlackElo "2685"]
[Result "0-1"]
[Round "02"]
[TimeControl "180+1"]
[Date "2022.06.29"]
[WhiteClock "0:00:25"]
[BlackClock "0:00:17"]

1. Nf3 d5 2. g3 Nf6 3. Bg2 e6 4. d4 Be7 5. O-O O-O 6. c4 c6 7. Nc3 Nbd7 8. Qb3 b6 9. Bg5 Bb7 10. Rac1 Rc8 11. e3 c5 12. Bxf6 Nxf6 13. dxc5 Bxc5 14. cxd5 Nxd5 15. Rfd1 Qe7 16. Ne5 Nxc3 17. Bxb7 Qxb7 18. Rxc3 Rfd8 19. Rcd3 Rxd3 20. Qxd3 Be7 21. Qd7 Qxd7 22. Rxd7 Bf6 23. Nxf7 a5 24. b3 Rc2 25. a4 Rc3 26. Nd8 Bxd8 27. Rxd8+ Kf7 28. Rd7+ Kf6 29. e4 Rxb3 30. e5+ Kxe5 31. Rxg7 Rb4 32. Rxh7 Rxa4 33. Rb7 Rb4 34. h4 a4 35. h5 a3 36. h6 Ra4 37. h7 Ra8 38. Ra7 Rh8 39. Kg2 a2 40. Kf3 Rxh7 41. Rxa2 b5 42. Rb2 Rb7 43. Ke3 b4 44. f4+ Kf5 45. Kf3 b3 46. g4+ Kf6 47. Ke4 Rb4+ 48. Ke3 Kg6 49. Kf3 Kf6 50. Kg3 Kf7 51. g5 Kg6 52. Kg4 e5 53. Kg3 exf4+ 54. Kf3 Kxg5 55. Rg2+ Kf5 56. Rb2 Rb5 57. Kf2 Kg4 58. Kg2 f3+ 59. Kf2 Kf4 60. Rb1 b2 61. Kf1 Kg3 62. Ke1 Kg2 63. Kd2 f2 0-1


[Site "https://www.chess.com"]

[Event "Titled Tuesday Blitz June 28 Late 2022"]
[White "Barp, Alberto"]
[Black "Glavina, Pablo"]
[WhiteFideId "872555"]
[BlackFideId "100234"]
[WhiteElo "2229"]
[BlackElo "2369"]
[Result "1/2-1/2"]
[Round "02"]
[TimeControl "180+1"]
[Date "2022.06.29"]
[WhiteClock "0:00:13"]
[BlackClock "0:00:37"]

1. d4 d5 2. Nf3 Nf6 3. c4 c6 4. e3 a6 5. Nc3 b5 6. b3 Bg4 7. h3 Bxf3 8. Qxf3 e6 9. Bd2 Bb4 10. a3 Bxc3 11. Bxc3 Ne4 12. Rc1 bxc4 13. bxc4 Nxc3 14. Rxc3 Qa5 15. Kd2 Nd7 16. Bd3 Rb8 17. Rb1 Rxb1 18. Bxb1 O-O 19. Qd1 Rb8 20. Qc1 Nf6 21. Ke2 g6 22. f3 Kg7 23. Bd3 Qa4 24. c5 Qa5 25. Qc2 Qc7 26. Kf2 Qh2 27. Rb3 Rxb3 28. Qxb3 Nh5 29. Qb7 Ng3 30. Qb2 a5 31. Qd2 h5 32. e4 h4 33. e5 Nh5 34. Qg5 Qh1 35. Qxh4 Qc1 36. a4 Qd2+ 37. Be2 Nf4 38. Qf6+ Kg8 39. Qd8+ Kh7 40. Qh4+ Kg7 41. Qf6+ Kg8 42. Qd8+ Kg7 43. Qf6+ 1/2-1/2


[Site "https://www.chess.com"]

[Event "Titled Tuesday Blitz June 28 Late 2022"]
[White "Barria Zuniga, Daniel"]
[Black "Gaehwiler, Gabriel"]
[WhiteFideId "3400816"]
[BlackFideId "1314530"]
[WhiteElo "2414"]
[BlackElo "2383"]
[Result "1-0"]
[Round "02"]
[TimeControl "180+1"]
[Date "2022.06.28"]
[WhiteClock "0:00:50"]
[BlackClock "0:00:17"]

1. d4 Nf6 2. c4 g6 3. Nc3 Bg7 4. e4 O-O 5. Be2 d6 6. Nf3 e5 7. d5 a5 8. Bg5 h6 9. Bh4 Na6 10. Nd2 Qe8 11. a3 Nc5 12. b4 axb4 13. axb4 Rxa1 14. Qxa1 Ncxe4 15. Ndxe4 Nxe4 16. Nxe4 f5 17. Qa5 Qf7 18. Nxd6 cxd6 19. Bd8 e4 20. O-O f4 21. f3 exf3 22. Bxf3 Bf5 23. Bc7 Bd4+ 24. Kh1 Be5 25. c5 Qd7 26. c6 Qc8 27. b5 Bg4 28. cxb7 Qxb7 29. Bxg4 Ra8 30. Qb6 1-0


[Site "https://www.chess.com"]

[Event "Titled Tuesday Blitz June 28 Late 2022"]
[White "Bayo Milagro, Alvaro"]
[Black "Nikologorsky, Matfei"]
[WhiteFideId "22275240"]
[BlackFideId "24102474"]
[WhiteElo "2270"]
[BlackElo "2231"]
[Result "1-0"]
[Round "02"]
[TimeControl "180+1"]
[Date "2022.06.29"]
[WhiteClock "0:01:53"]
[BlackClock "0:00:08"]

1. d4 Nf6 2. Nf3 g6 3. Bg5 Bg7 4. Nbd2 d5 5. e3 h6 6. Bf4 c5 7. c3 cxd4 8. exd4 O-O 9. Bd3 Nc6 10. O-O Bf5 11. Bxf5 gxf5 12. Re1 Ne4 13. Qb3 Qd7 14. Nf1 Kh7 15. Rad1 e6 16. Ne5 Bxe5 17. dxe5 Qe7 18. c4 Na5 19. Qh3 Ng5 20. Bxg5 Qxg5 21. cxd5 exd5 22. Rxd5 Nc6 23. Ng3 f4 24. Ne4 Qg6 25. Rd6 Qg7 26. Nf6+ Kh8 27. Ng4 Rfd8 28. Rxh6+ Kg8 29. e6 fxe6 30. Nf6+ Kf7 31. Qxe6+ Kf8 32. Nh7+ Qxh7 33. Rxh7 Ne5 34. Qxe5 Rac8 35. Qh8# 1-0


[Site "https://www.chess.com"]

[Event "Titled Tuesday Blitz June 28 Late 2022"]
[White "Bekturov, Tamerlan"]
[Black "Ipek, Egehan"]
[WhiteFideId "13710184"]
[BlackFideId "44523793"]
[WhiteElo "2702"]
[BlackElo "2366"]
[Result "1-0"]
[Round "02"]
[TimeControl "180+1"]
[Date "2022.06.29"]
[WhiteClock "0:01:05"]
[BlackClock "0:00:02"]

1. d4 d5 2. c4 c6 3. Nf3 Nf6 4. Qc2 e6 5. g3 Nbd7 6. Bg2 Be7 7. O-O O-O 8. Nbd2 b6 9. e4 Bb7 10. cxd5 cxd5 11. e5 Ne8 12. Re1 Rc8 13. Qd1 Nc7 14. h4 f6 15. Nf1 fxe5 16. Nxe5 Nxe5 17. Rxe5 Bf6 18. Re1 Nb5 19. Be3 Nd6 20. Bh3 Re8 21. Nh2 Nc4 22. Bc1 Rc6 23. Ng4 Bc8 24. Nxf6+ Qxf6 25. Bg5 Qf7 26. b3 Nd6 27. Rc1 Rxc1 28. Qxc1 Ne4 29. Be3 Rf8 30. Re2 Ba6 31. Rc2 Bd3 32. Rc7 Qf3 33. Bxe6+ Kh8 34. Rc8 g6 35. Rxf8+ Qxf8 36. Bxd5 Nd6 37. Bf4 Nf5 38. Be5+ Ng7 39. Qc7 a5 40. Qxb6 h6 41. Qxg6 1-0


[Site "https://www.chess.com"]

[Event "Titled Tuesday Blitz June 28 Late 2022"]
[White "Bjelobrk, Igor"]
[Black "Jorquera, Marcelo"]
[WhiteFideId "4300726"]
[BlackFideId "3401197"]
[WhiteElo "2335"]
[BlackElo "2136"]
[Result "1-0"]
[Round "02"]
[TimeControl "180+1"]
[Date "2022.06.29"]
[WhiteClock "0:01:36"]
[BlackClock "0:00:05"]

1. c4 Nf6 2. Nc3 g6 3. e4 d6 4. d4 Bg7 5. Nf3 O-O 6. h3 e5 7. d5 a5 8. g4 Na6 9. Be3 Nd7 10. a3 Nac5 11. Rg1 a4 12. Nd2 Kh8 13. Qc2 c6 14. O-O-O cxd5 15. cxd5 Nb6 16. Kb1 Bd7 17. Bb5 Rc8 18. Bxd7 Qxd7 19. h4 f5 20. gxf5 gxf5 21. exf5 Qxf5 22. Qxf5 Rxf5 23. Bxc5 dxc5 24. Nde4 Nc4 25. d6 Rd8 26. Nxa4 Rf4 27. Naxc5 b6 28. Ne6 Rxe4 29. Nxd8 Re2 30. Nf7+ Kg8 31. d7 Rxb2+ 32. Ka1 Kxf7 33. d8=Q e4 1-0


[Site "https://www.chess.com"]

[Event "Titled Tuesday Blitz June 28 Late 2022"]
[White "Boder, Jan"]
[Black "Kaasen, Tor Fredrik"]
[WhiteFideId "16243226"]
[BlackFideId "1516647"]
[WhiteElo "2064"]
[BlackElo "2335"]
[Result "1/2-1/2"]
[Round "02"]
[TimeControl "180+1"]
[Date "2022.06.29"]
[WhiteClock "0:00:02"]
[BlackClock "0:00:06"]

1. b3 d5 2. Bb2 Bf5 3. e3 e6 4. Nf3 Nf6 5. d4 h6 6. Bd3 Bxd3 7. Qxd3 c6 8. O-O Nbd7 9. Nbd2 Bd6 10. c4 O-O 11. e4 dxe4 12. Nxe4 Nxe4 13. Qxe4 Nf6 14. Qc2 c5 15. Rad1 Qe7 16. Rfe1 cxd4 17. Nxd4 Bb4 18. Re3 Rfd8 19. h3 Bc5 20. Red3 a6 21. a3 Bxa3 22. Nf5 exf5 23. Bxa3 Qe8 24. f3 Rxd3 25. Qxd3 Qe6 26. Bc5 Re8 27. Bf2 Qc8 28. Qd6 Kh7 29. Bh4 Re6 30. Qd3 Qc5+ 31. Bf2 Qa5 32. c5 g6 33. Qc4 Qc7 34. b4 Nh5 35. Qd5 Nf4 36. Qd7 Re7 37. Qxc7 Rxc7 38. Kf1 Ne6 39. Rd6 Kg7 40. Ke2 Kf8 41. g3 Ke7 42. Kd3 Rd7 43. Rxd7+ Kxd7 44. Kc4 Kc6 45. Be1 h5 46. Bd2 Nc7 47. f4 Nd5 48. h4 Nf6 49. Be1 Ne4 50. Kd4 f6 51. Kc4 b6 52. cxb6 Kxb6 53. Kd5 Kb5 54. Ke6 Kc4 55. Kf7 g5 56. Kg6 gxf4 57. gxf4 Nc3 58. Kxf5 Kxb4 59. Kxf6 a5 60. Kg6 a4 61. f5 a3 62. f6 a2 63. f7 a1=Q 64. f8=Q+ Kb3 65. Qb8+ Kc2 66. Qh2+ Kb3 67. Qe5 Qb1+ 68. Kxh5 Qd1+ 69. Kg5 Ne2 70. Qe3+ Kc2 71. Qf2 Qd5+ 72. Kg6 Qe4+ 73. Qf5 Kd3 74. h5 Nf4+ 75. Kg5 Qxf5+ 76. Kxf5 Nxh5 1/2-1/2


[Site "https://www.chess.com"]